 Dungeon Crawl Stone Soup version 0.31-a0-233-g139696dc86 (webtiles) character file.

Game seed: 5956573711646939459

8583 porpoise the Skirmisher (level 11, -3/67 HPs)
             Began as a Kobold Hunter on July 8, 2023.
             Was a Believer of Dithmenos.
             Killed from afar by an acid dragon (26 damage)
             ... with a splash of acid
             ... on level 10 of the Dungeon.
             The game lasted 00:29:05 (11373 turns).

porpoise the Skirmisher (Kobold Hunter)            Turns: 11373, Time: 00:29:06

Health: -3/67      AC:  7    Str: 10    XL:     11   Next: 58%
Magic:  16/16      EV: 20    Int: 10    God:    Dithmenos [**....]
Gold:   488        SH:  0    Dex: 22    Spells: 10/10 levels left

rFire   . . .        a - +1 orcbow (flame)
rCold   + . .        (shield currently unavailable)
rNeg    . . .        z - +0 steam dragon scales
rPois   .            e - +2 helmet
rElec   .            F - +0 cloak
rCorr   .            i - +1 pair of gloves {infuse}
SInv    .            (no boots)
Will    +....        (no amulet)
Stlth   +++++++      q - ring of willpower
HPRegen 0.31/turn    A - ring of protection from cold
MPRegen 0.15/turn

%: infuse magic (1 MP)
@: corroded, wreathed by umbra
A: small, no large weapons, nightstalker 3
a: Renounce Religion, Shadow Step


You were on level 10 of the Dungeon.
You worshipped Dithmenos.
Dithmenos was pleased with you.
You visited 2 branches of the dungeon, and saw 11 of its levels.

You collected 584 gold pieces.
You spent 96 gold pieces at shops.

Inventory:

Hand Weapons
 a - a +1 orcbow of flaming (weapon)
 b - a +1 demon whip of venom
 w - a +4 dagger of freezing
 C - a +2 long sword
 E - a +1 dagger of holy wrath
 G - a +1 heavy shortbow
 M - a +2 short sword of venom
 P - a +0 scimitar of flaming
Missiles
 t - 2 throwing nets
 D - 6 poisoned darts
Armour
 e - a +2 helmet (worn)
 i - a +1 pair of gloves of infusion (worn)
 z - +0 steam dragon scales (worn)
 F - a +0 cloak (worn)
 L - a +0 troll leather armour
Jewellery
 q - a ring of willpower (left hand)
 A - a ring of protection from cold (right hand)
Wands
 d - a wand of roots (7)
 y - a wand of charming (14)
 H - a wand of polymorph (5)
 N - a wand of light (2)
Scrolls
 c - a scroll of acquirement {unknown}
 f - 2 scrolls of teleportation
 g - 2 scrolls of enchant weapon
 h - 4 scrolls of fear
 j - a scroll of butterflies
 n - 2 scrolls of revelation
 o - a scroll of enchant armour {unknown}
 p - a scroll of noise {unknown}
 r - a scroll of vulnerability {unknown}
 s - a scroll of amnesia {unknown}
 B - a scroll of fog
 K - a scroll of silence {unknown}
 O - a scroll of blinking {unknown}
Potions
 k - 2 potions of cancellation
 l - 2 potions of attraction
 m - 2 potions of curing
 u - 3 potions of haste
 v - a potion of resistance
 x - a potion of magic
 I - a potion of enlightenment
 J - a potion of invisibility {unknown}


   Skills:
 + Level 7.4 Fighting
 * Level 14.7 Ranged Weapons
 + Level 6.8 Dodging
 - Level 9.0 Stealth
 - Level 7.0 Invocations
 - Level 7.0 Evocations


You had 10 spell levels left.
You didn't know any spells.
Your spell library contained the following spells:

 Spells                   Type           Power      Damage    Failure   Level
 Apportation              Tloc           0%         N/A       36%         1
 Necrotise                Necr           0%         1d4       36%         1
 Sting                    Tmut/Pois      0%         1d3       36%         1
 Summon Small Mammal      Summ           0%         N/A       36%         1
 Poisonous Vapours        Pois/Air       0%         N/A       50%         2
 Hailstorm                Conj/Ice       0%         3d3       75%         3
 Vhi's Electric Charge    Tloc/Air       0%         N/A       75%         3
 Animate Dead             Necr           0%         N/A       98%         4
 Ice Form                 Ice/Tmut       0%         N/A       98%         4
 Olgreb's Toxic Radiance  Pois           0%         N/A       98%         4
 Summon Lightning Spire   Summ/Air       0%         N/A       98%         4
 Arcjolt                  Conj/Air       0%         1d10      100%        5
 Plasma Beam              Fire/Air       0%         2x1d10    100%        6
 Simulacrum               Ice/Necr       0%         N/A       100%        6
 Haunt                    Necr/Summ      0%         N/A       100%        7
 Infestation              Necr           0%         N/A       100%        8


Dungeon Overview and Level Annotations

Branches:
Dungeon (10/15)            Temple (1/1) D:4            Lair (0/5) D:8
    Orc: D:9-12

Altars:
Ashenzari
Cheibriados
Dithmenos
Elyvilon
Fedhas
Gozag
Hepliaklqana
Kikubaaqudgha
Makhleb
Nemelex Xobeh
Okawaru
Qazlal
Ru
Sif Muna
Trog
Uskayaw
Vehumet
Wu Jian
Zin
The Shining One

Shops:
D:4 !

Annotations:
D:6 2 transporters, bmack86's ghost, novice MiFi


Innate Abilities, Weirdness & Mutations

You are small and have problems with some larger weapons.
You are completely attuned to the shadows.


Message History

The arrow hits the acid dragon but does no damage.
The acid dragon is lightly wounded.
You shoot an arrow.
The arrow closely misses the acid dragon.
You shoot an arrow.
The arrow closely misses the acid dragon.
You shoot an arrow.
The arrow hits the acid dragon but does no damage.
The acid dragon is lightly wounded.
The acid dragon bites you!
The acid dragon claws you but does no damage.
You shoot an arrow. The arrow hits the acid dragon.
The arrow burns the acid dragon.
The acid dragon is moderately wounded.
The acid dragon spits acid at you. The splash of acid hits you!
You are too injured to fight recklessly!
You are too injured to fight recklessly!
You shoot an arrow.
The arrow hits the acid dragon but does no damage.
The acid dragon is moderately wounded.
You shoot an arrow.
The arrow hits the acid dragon but does no damage.
The acid dragon is moderately wounded.
The acid dragon closely misses you. x2
You shoot an arrow. The arrow hits the acid dragon.
The arrow burns the acid dragon.
The acid dragon is heavily wounded.
The acid dragon misses you. The acid dragon closely misses you.
You shoot an arrow. The arrow hits the acid dragon.
The arrow burns the acid dragon.
The acid dragon is severely wounded.
The acid dragon bites you. The acid dragon completely misses you.
You shoot an arrow.
The arrow closely misses the acid dragon.
You shoot an arrow.
The arrow completely misses the acid dragon.
The acid dragon spits acid at you. The splash of acid hits you!!
You die...

######.### #.# ### #.#
##.## #.# ####.#.## #.#
#...###.# ##.###
#.##.#.######...##
#.###............. #####
#@# #.#######...## ....#
#D# #....# ##.## ###.# ...
##...# #.# #.# ..$.##...##
#.
#.##########...##...#####
###.#.......# ##...##._.#
#.....#####.# ##...###...#
#.....#####.#
##...#∩#...##
#........##.###...###[..##


You could see an acid dragon (catching breath).

Vanquished Creatures
  A two-headed ogre (D:9)
  Amaemon (D:8)
  Joseph (D:7)
  An orange demon (D:9)
  A gargoyle (D:10)
  Maggie (D:8)
  2 trolls (D:10)
  A hornet (D:9)
  A shadow (D:9)
  A wraith (D:5)
  A ynoxinul (D:10)
  2 wyverns
  2 steam dragons
  2 vampire mosquitoes (D:10)
  3 wargs (D:8)
  2 water moccasins
  An ogre (D:7)
  2 black bears
  3 orc warriors (D:8)
  2 sky beasts
  A centaur (D:10)
  A phantom (D:5)
  8 bullfrogs
  2 gnoll sergeants
  5 wights (D:7)
  4 scorpions
  3 killer bees (D:9)
  5 howler monkeys
  5 lava snakes (D:7)
  4 hounds
  Crazy Yiuf (D:7)
  A gnoll bouda (D:8)
  8 orc priests
  4 jellies
  4 sleepcaps
  Ijyb (D:4)
  An iguana (D:4)
  8 orc wizards
  Natasha (thrice) (D:3)
  16 gnolls
  8 adders
  2 shadow imps (D:6)
  3 white imps
  2 ufetubi (D:5)
  A worm (D:3)
  3 dart slugs
  25 orcs
  9 endoplasms
  6 giant cockroaches
  3 goblins
  11 hobgoblins
  3 jackals (D:3)
  6 kobolds
  4 quokkas
  9 ball pythons
  3 bats (D:1)
  3 frilled lizards
  2 rats
219 creatures vanquished.

Vanquished Creatures (others)
  A human (D:4)
1 creature vanquished.

Grand Total: 220 creatures vanquished

Notes
Turn   | Place    | Note
-------+----------+-------------------------------------------
     0 | D:1      | porpoise the Kobold Hunter began the quest for the Orb.
     0 | D:1      | Reached XP level 1. HP: 12/12 MP: 1/1
   194 | D:1      | Reached XP level 2. HP: 15/18 MP: 2/2
   276 | D:1      | Reached XP level 3. HP: 21/22 MP: 3/3
   409 | D:1      | Reached skill level 6 in Ranged Weapons
   980 | D:2      | Reached XP level 4. HP: 27/27 MP: 4/4
  1068 | D:2      | Found a faded altar of an unknown god.
  1149 | D:2      | Found a glowing golden altar of the Shining One.
  1723 | D:3      | Found a hide-covered altar of Uskayaw.
  1725 | D:3      | Found a sparkling altar of Nemelex Xobeh.
  1771 | D:3      | Noticed Natasha
  1774 | D:3      | Killed Natasha
  1775 | D:3      | Reached XP level 5. HP: 32/32 MP: 5/5
  2229 | D:3      | Reached skill level 7 in Ranged Weapons
  2463 | D:3      | Noticed Natasha
  2481 | D:3      | Killed Natasha
  2854 | D:3      | Noticed Natasha
  2859 | D:3      | Killed Natasha
  2860 | D:3      | Reached XP level 6. HP: 35/38 MP: 6/6
  2960 | D:4      | Noticed Ijyb
  2980 | D:4      | Killed Ijyb
  3104 | D:4      | Found Wast's Distillery.
  3110 | D:4      | Bought a potion of heal wounds for 60 gold pieces
  3110 | D:4      | Bought a potion of curing for 36 gold pieces
  3265 | D:4      | Reached skill level 8 in Ranged Weapons
  3409 | D:4      | Found an ancient bone altar of Kikubaaqudgha.
  3478 | D:4      | Found an iron altar of Okawaru.
  3521 | D:4      | Found a staircase to the Ecumenical Temple.
  3525 | D:4      | Reached XP level 7. HP: 42/43 MP: 7/7
  3529 | Temple   | Entered the Ecumenical Temple
  3562 | Temple   | Became a worshipper of Dithmenos the Shadowed
  3632 | D:4      | Noticed a human
  3636 | D:4      | Killed a human
  3663 | D:4      | Found a radiant altar of Vehumet.
  3709 | D:5      | Entered Level 5 of the Dungeon
  3767 | D:4      | Reached skill level 5 in Stealth
  3861 | D:5      | Found a hazy altar of Hepliaklqana.
  4129 | D:5      | Reached skill level 9 in Ranged Weapons
  4144 | D:5      | Noticed a wraith
  4164 | D:5      | Killed a wraith
  4165 | D:5      | Reached skill level 5 in Fighting
  4165 | D:5      | Reached XP level 8. HP: 28/49 MP: 8/8
  4344 | D:5      | Reached skill level 10 in Ranged Weapons
  4624 | D:5      | Found a broken altar of Ashenzari.
  4806 | D:6      | Found a transporter.
  4806 | D:6      | Noticed bmack86's ghost (novice MiFi)
  4810 | D:6      | Found a transporter.
  4950 | D:6      | Reached skill level 11 in Ranged Weapons
  4950 | D:6      | Reached XP level 9. HP: 55/55 MP: 9/9
  5387 | D:6      | Reached * piety under Dithmenos
  5599 | D:7      | Reached skill level 12 in Ranged Weapons
  5973 | D:7      | Reached skill level 1 in Invocations
  6270 | D:7      | Reached skill level 1 in Evocations
  6388 | D:7      | Reached skill level 13 in Ranged Weapons
  6388 | D:7      | Reached XP level 10. HP: 56/63 MP: 11/11
  6524 | D:7      | Noticed Joseph
  6532 | D:7      | Killed Joseph
  6725 | D:7      | Found a runed translucent door.
  6728 | D:7      | Noticed Crazy Yiuf
  6731 | D:7      | Killed Crazy Yiuf
  6763 | D:7      | Found an opulent altar of Gozag.
  7334 | D:8      | Noticed Maggie
  7346 | D:8      | Killed Maggie
  7347 | D:8      | Reached skill level 14 in Ranged Weapons
  7519 | D:8      | Reached ** piety under Dithmenos
  7797 | D:8      | Found a white marble altar of Elyvilon.
  7851 | D:8      | Found a staircase to the Lair.
  8092 | D:8      | Reached skill level 5 in Invocations
  8092 | D:8      | Reached skill level 5 in Evocations
  8121 | D:8      | Found a glowing golden altar of the Shining One.
  8760 | D:9      | Noticed an orange demon
  8762 | D:9      | Noticed Amaemon
  8785 | D:8      | Killed Amaemon
  8786 | D:8      | Reached XP level 11. HP: 12/67 MP: 15/15
  9021 | D:8      | HP: 3/67 [poisoned by an orange demon]
  9024 | D:8      | HP: 1/67 [poisoned by an orange demon]
  9440 | D:9      | Reached skill level 5 in Dodging
  9463 | D:9      | Noticed a two-headed ogre
  9482 | D:9      | Killed a two-headed ogre
  9819 | D:9      | Paralysed by a hornet for 2 turns
  9832 | D:9      | HP: 3/67 [poisoned by a hornet]
 10343 | D:10     | Entered Level 10 of the Dungeon
 11278 | D:10     | Found a bloodstained altar of Trog.
 11330 | D:10     | Found a shimmering blue altar of Sif Muna.
 11334 | D:10     | Got Sif Muna's Textbook on Feathers
 11373 | D:10     | Killed from afar by an acid dragon

Illustrated notes

Levels and vault maps discovered:
D:1:      dpeg_arrival_rooms_a, layout_basic
D:2:      layout_loops_ring, ebering_ecumenical_altar_petrified, basic_altar,
          st_stairs_8
D:3:      layout_basic, minitemple, kennysheep_big_empty_room, uniq_natasha
D:4:      layout_rooms, tgw_kikubaaqudgha, nicolae_overflow_hidden_temple,
          lemuel_doored_altar, temple_doors_e, serial_shops, shop,
          nicolae_titane, uniq_ijyb, uniq_menkaure
D:5:      cheibrodos_helix_gallery, layout_rooms, mainiacjoe_overflow_big_doors
D:6:      layout_gridville, gammafunk_ghost_arena
D:7:      cheibrodos_quashed, layout_cave_pods, kennysheep_mini_moat,
          kennysheep_boxes, uniq_crazy_yiuf_cottage, uniq_joseph
D:8:      layout_layer_cave, nicolae_overflow_crystal_walls, old_standard_altar,
          erik_lair_orcish_takeover, uniq_maggie
D:9:      layout_basic, serial_curves, eino_curves_02, eino_curves_04,
          uniq_amaemon
D:10:     layout_loops_corners, nzn_overflow_gifts_of_might_and_magic
Temple:   hellmonk_temple_micro_hex

Skill      XL: |  1  2  3  4  5  6  7  8  9 10 11 |
---------------+----------------------------------+-----
Stealth        | 2 3 4 6 7 9 |  9.0
Ranged Weapons | 6 7 8 9 11 13 14 | 14.7
Fighting       | 3 4 5 6 7 |  7.4
Invocations    | 2 5 7 |  7.0
Evocations     | 1 6 7 |  7.0
Dodging        | 4 6 |  6.8

Action                     |  1- 3 |  4- 6 |  7- 9 | 10-12 || total
---------------------------+-------+-------+-------+-------++-------
  Melee: Dagger            |     2 |       |       |       ||     2
         Demon whip        |       |       |       |    13 ||    13
   Fire: Shortbow          |    93 |   201 |   253 |    66 ||   613
         Orcbow            |       |       |       |   233 ||   233
    Use: Scroll            |       |     6 |     2 |     8 ||    16
         Potion            |       |     2 |     1 |     1 ||     4
   Stab: Sleeping          |     2 |       |       |       ||     2
 Armour: Leather armour    |    13 |    36 |    46 |       ||    95
         Steam dragon scal |       |       |     3 |    55 ||    58
  Dodge: Dodged            |    42 |    94 |   146 |   125 ||   407

Table legend: (Time is in decaauts)
 A = Elapsed time spent in this place.
 B = Non-inter-level travel time spent in this place.
 C = Inter-level travel time spent in this place.
 D = Time resting spent in this place.
 E = Time spent auto-exploring this place.
 F = Levels seen in this place.
 G = Mean time per level.
                   A        B        C        D        E       F      G
               +--------+--------+--------+--------+--------+-----+--------+
         Total |  11423 |  10864 |    559 |   2117 |   7143 |  11 | 1038.5 |
       Dungeon |  11384 |  10830 |    554 |   2117 |   7142 |  10 | 1138.4 |
        Temple |     38 |     33 |      5 |      0 |      1 |   1 |   38.0 |
               +--------+--------+--------+--------+--------+-----+--------+

Top non-repeatable levels by time:
     D:8: 2265 daAuts
     D:7: 1353 daAuts
     D:3: 1295 daAuts
     D:9: 1129 daAuts
    D:10: 1015 daAuts
     D:5: 959 daAuts
     D:4: 882 daAuts
     D:1: 877 daAuts
     D:6: 865 daAuts
     D:2: 739 daAuts
  Temple: 38 daAuts
